 Dungeon Crawl Stone Soup version 0.22.1-1-ga44c0e56f4 (webtiles) character file.

11550 Reeggar the Carver (level 11, -4/126 HPs)
             Began as a Demonspawn Berserker on Oct 23, 2018.
             Was an Elder of Trog.
             Slain by a 16-headed hydra (6 damage)
             ... on level 3 of the Lair of Beasts on Oct 24, 2018.
             The game lasted 00:56:20 (12324 turns).

Reeggar the Carver (Demonspawn Berserker)          Turns: 12324, Time: 00:56:25

Health: -4/126     AC: 16    Str: 26    XL:     11   Next: 50%
Magic:  11/11      EV: 17    Int:  9    God:    Trog [****..]
Gold:   1031       SH: 13    Dex: 21    Spells: 10/10 levels left

rFire    . . .     SeeInvis +   I - +3 long sword
rCold    . . .     Gourm    .   h - +1 shield
rNeg     + . .     Faith    .   z - +1 scale mail of the Ditch-Digger {rPois}
rPois    +         Spirit   .   p - +0 helmet
rElec    .         Reflect  .   (no cloak)
rCorr    .         Harm     .   (no gloves)
MR       ++...                  C - +2 pair of boots
Stlth    ..........             f - amulet of regeneration
HPRegen  1.71/turn              i - +3 ring of protection
MPRegen  0.12/turn              m - ring of see invisible

@: agile, berserking, lethally poisoned (-4 -> -5), regenerating, very quick
A: talons 2, thin skeletal structure 2, negative energy resistance 1, powered by
pain 2, rot immunity
a: Berserk, Trog's Hand, Brothers in Arms, Renounce Religion


You were on level 3 of the Lair of Beasts.
You worshipped Trog.
Trog was greatly pleased with you.
You were very hungry.

You visited 2 branches of the dungeon, and saw 11 of its levels.

You collected 1121 gold pieces.
You spent 90 gold pieces at shops.

Inventory:

Hand Weapons
 I - a +3 long sword (weapon)
Missiles
 d - 3 silver tomahawks (quivered)
Armour
 b - a +0 animal skin
 h - a +1 shield (worn)
 l - a +0 plate armour
 p - a +0 helmet (worn)
 s - a +0 pair of boots
 z - the +1 scale mail of the Ditch-Digger (worn) {rPois}
   (You found it on level 4 of the Dungeon)

   It protects you from poison.
 C - a +2 pair of boots (worn)
Jewellery
 f - an amulet of regeneration (around neck)
 i - a +3 ring of protection (left hand)
 m - a ring of see invisible (right hand)
 q - an uncursed amulet of magic regeneration {unknown}
 r - an uncursed ring of stealth
 D - an uncursed amulet of the acrobat {unknown}
Wands
 A - a wand of acid (8)
 G - a wand of random effects (11)
Scrolls
 a - 2 scrolls of identify
 c - a scroll of brand weapon {unknown}
 e - a scroll of enchant weapon
 o - a scroll of immolation
 t - 5 scrolls of teleportation
 y - 4 scrolls of remove curse
 J - 3 scrolls of fog
 K - 3 scrolls of amnesia {unknown}
Potions
 g - 2 potions of invisibility {unknown}
 j - 2 potions of agility {unknown}
 k - a potion of berserk rage {unknown}
 n - 2 potions of flight {unknown}
 u - 3 potions of haste
 v - 3 potions of curing
 w - 5 potions of brilliance {unknown}
 B - 2 potions of degeneration {unknown}
 F - 2 potions of magic {unknown}
 H - a potion of ambrosia {unknown}
 L - a potion of heal wounds {unknown}
Miscellaneous
 E - a phantom mirror
 O - a sack of spiders
Comestibles
 x - 7 rations
 M - a chunk of flesh


   Skills:
 + Level 7.0 Fighting
 + Level 9.6 Long Blades
 + Level 6.6 Armour
 + Level 5.1 Dodging
 + Level 8.1 Stealth
 + Level 7.0 Shields


You had 10 spell levels left.
You didn't know any spells.
Your spell library was empty.

Dungeon Overview and Level Annotations

Branches:
Dungeon (8/15)             Temple (0/1) D:7            Lair (3/6) D:8
  Snake (0/4) Lair:3
  Swamp: Lair:2-4    Shoals: Lair:2-4

Altars:
Gozag
Xom
Zin

Shops:
D:5 :


Innate Abilities, Weirdness & Mutations

You have razor-sharp toenails.
You have a moderately thin skeletal structure. (Dex +4, Stealth+)
You resist negative energy. (rN+)
You sometimes gain power by taking damage.
You are immune to rotting.


Message History

The 14-headed hydra bites you but does no damage.
The 14-headed hydra completely misses you.
You block the 14-headed hydra's attack. The 14-headed hydra barely misses you.
The 14-headed hydra bites you.
* * * LOW HITPOINT WARNING * * *
The 14-headed hydra bites you!
* * * LOW HITPOINT WARNING * * *
The 14-headed hydra barely misses you.
You lop one of the 14-headed hydra's heads off!
The 13-headed hydra grows two more!
You slice the 15-headed hydra!!
The 15-headed hydra is almost dead.
You block the spiny frog's attack.
You chop one of the 15-headed hydra's heads off!
The 14-headed hydra grows two more!
You slash the 16-headed hydra!
The 16-headed hydra is almost dead.
The 16-headed hydra closely misses you. The 16-headed hydra bites you.
* * * LOW HITPOINT WARNING * * *
The 16-headed hydra bites you but does no damage.
The 16-headed hydra bites you.
You die...

#.##### #...##
#...#P####..##
##.......P....#
#...........P#.# ### ##
#...........####
....#.####.........#
.[.................#
.....................
.......@................
.(.....FD...............
......................#P
.......(.......... ..#
..................
...............?..
..................
...............


You could see a 16-headed hydra and a spiny frog.

Vanquished Creatures
  Harold (D:7)
  A black mamba (Lair:1)
  2 spiny frogs
  A rime drake (Lair:3)
  8 blink frogs
  7 hippogriffs
  10 yaks
  A basilisk (Lair:3)
  3 wargs (D:8)
  11 water moccasins
  Duvessa (D:7)
  2 porcupines (Lair:1)
  A sky beast (D:5)
  A black bear (D:7)
  2 ice beasts
  2 orc warriors (D:8)
  A phantom (D:5)
  2 wolves (Lair:3)
  2 centaurs
  3 crocodiles
  A big kobold (D:8)
  Blork the orc (D:5)
  6 bullfrogs
  Dowan (D:7)
  5 scorpions (D:4)
  3 killer bees (D:7)
  3 wights (D:6)
  A howler monkey (D:8)
  4 crimson imps
  3 jellies (D:7)
  A bullfrog skeleton (D:8)
  2 bullfrog zombies
  A centaur skeleton (D:7)
  5 hounds
  3 orc priests
  6 orc wizards
  3 iguanas
  5 worker ants
  A hound skeleton (D:4)
  A worker ant zombie (D:6)
  10 gnolls
  12 adders
  2 river rats (D:5)
  A shadow imp (D:7)
  2 oozes
  An adder skeleton (D:4)
  5 worms
  3 dart slugs
  4 leopard geckos
  36 orcs
  16 bats
  4 giant cockroaches
  8 goblins
  10 hobgoblins
  4 jackals
  12 kobolds
  2 quokkas
  3 ball pythons
  3 frilled lizards (D:1)
  A jackal skeleton (D:7)
  A leopard gecko skeleton (D:5)
  6 rats
  2 plants
266 creatures vanquished.

Vanquished Creatures (others)
  2 kobolds (D:8)
  A plant (D:4)
3 creatures vanquished.

Grand Total: 269 creatures vanquished

Notes
Turn   | Place    | Note
-------+----------+-------------------------------------------
     0 | D:1      | Reeggar the Demonspawn Berserker began the quest for the
                  | Orb.
     0 | D:1      | Reached XP level 1. HP: 18/18 MP: 1/1
   106 | D:1      | Gained mutation: You have a somewhat thin skeletal
                  | structure. (Dex +2, Stealth) [demonic ancestry]
   106 | D:1      | Reached XP level 2. HP: 17/24 MP: 2/2
   112 | D:1      | Reached skill level 3 in Long Blades
   609 | D:1      | Gained mutation: You have sharp toenails. [demonic
                  | ancestry]
   609 | D:1      | Reached XP level 3. HP: 8/29 MP: 3/3
  1185 | D:1      | Reached ** piety under Trog
  1185 | D:1      | Reached skill level 1 in Stealth
  2013 | D:2      | Gained mutation: You are immune to rotting. [demonic
                  | ancestry]
  2013 | D:2      | Reached XP level 4. HP: 12/35 MP: 4/4
  3987 | D:4      | Got a smoking scale mail
  4060 | D:4      | Reached skill level 1 in Shields
  4060 | D:4      | Gained mutation: You have a moderately thin skeletal
                  | structure. (Dex +4, Stealth+) [demonic ancestry]
  4060 | D:4      | Reached XP level 5. HP: 30/42 MP: 5/5
  4365 | D:4      | Reached skill level 4 in Long Blades
  4372 | D:4      | Reached XP level 6. HP: 14/48 MP: 6/6
  5041 | D:4      | Identified the +1 scale mail of the Ditch-Digger {rPois}
                  | (You found it on level 4 of the Dungeon)
  5208 | D:4      | Gained mutation: You have razor-sharp toenails. [demonic
                  | ancestry]
  5208 | D:4      | Reached XP level 7. HP: 18/54 MP: 7/7
  5953 | D:5      | Entered Level 5 of the Dungeon
  6012 | D:5      | Found Awegiss's Book Shoppe.
  6193 | D:5      | Noticed Blork the orc
  6212 | D:5      | Killed Blork the orc
  6360 | D:5      | Reached skill level 5 in Long Blades
  6430 | D:5      | Found a shimmering altar of Xom.
  6641 | D:5      | Gained mutation: You sometimes gain a little power by
                  | taking damage. [demonic ancestry]
  6641 | D:5      | Reached XP level 8. HP: 58/61 MP: 8/8
  7080 | D:6      | Reached *** piety under Trog
  7504 | D:6      | Reached skill level 5 in Stealth
  7796 | D:7      | Found a staircase to the Ecumenical Temple.
  7919 | D:7      | Noticed Harold
  7927 | D:7      | Noticed a hippogriff
  7943 | D:7      | Killed Harold
  7943 | D:7      | Reached skill level 5 in Fighting
  7943 | D:7      | Reached skill level 6 in Long Blades
  7943 | D:7      | Gained mutation: You sometimes gain power by taking damage.
                  | [demonic ancestry]
  7943 | D:7      | Reached XP level 9. HP: 68/68 MP: 9/9
  7948 | D:7      | Noticed Duvessa
  7949 | D:7      | Noticed Dowan
  7964 | D:7      | Killed Duvessa
  7996 | D:7      | Killed Dowan
  8192 | D:7      | Reached skill level 7 in Long Blades
  8368 | D:7      | Reached skill level 5 in Shields
  8742 | D:7      | Identified a scroll of acquirement
  8833 | D:8      | Reached skill level 5 in Armour
  9017 | D:8      | Found Zin's Purification Station.
  9061 | D:8      | Found a glowing silver altar of Zin.
  9070 | D:8      | Bought a potion of curing for 90 gold pieces
  9233 | D:8      | Reached **** piety under Trog
  9238 | D:8      | Reached XP level 10. HP: 51/74 MP: 10/10
  9395 | D:8      | Found an opulent altar of Gozag.
  9630 | D:8      | Found a staircase to the Lair.
  9809 | Lair:1   | Entered Level 1 of the Lair of Beasts
  9810 | Lair:1   | Noticed a spiny frog
  9822 | Lair:1   | Killed a spiny frog
  9833 | Lair:1   | Reached skill level 8 in Long Blades
  9868 | Lair:1   | Noticed a black mamba
  9894 | Lair:1   | Killed a black mamba
 10911 | Lair:2   | Gained mutation: You resist negative energy. (rN+) [demonic
                  | ancestry]
 10911 | Lair:2   | Reached XP level 11. HP: 60/83 MP: 11/11
 11636 | Lair:3   | Reached skill level 9 in Long Blades
 12097 | Lair:3   | Reached skill level 5 in Dodging
 12110 | Lair:3   | Found a staircase to the Snake Pit.
 12301 | Lair:3   | Noticed a six-headed hydra
 12322 | Lair:3   | HP: 3/126 [14-headed hydra (7)]
 12324 | Lair:3   | Slain by a 16-headed hydra

Skill      XL: |  1  2  3  4  5  6  7  8  9 10 11 |
---------------+----------------------------------+-----
Long Blades    | 3 4 5 6 7 8 9 |  9.6
Dodging        | 2 3 4 5 |  5.1
Stealth        | 1 2 3 4 5 6 7 8 |  8.1
Armour         | 2 3 4 5 6 |  6.6
Shields        | 1 2 3 4 5 6 7 |  7.0
Fighting       | 4 5 6 7 |  7.0

Action                   |  1- 3 |  4- 6 |  7- 9 | 10-12 || total
-------------------------+-------+-------+-------+-------++-------
Melee: Falchion          |   135 |   164 |   413 |       ||   712
       Kick              |    36 |    56 |     7 |       ||    99
       Long sword        |       |       |    58 |   473 ||   531
Invok: Berserk           |     4 |     3 |     7 |    11 ||    25
       Trog's Hand       |       |     3 |     5 |    10 ||    18
  Use: Scroll            |     2 |     1 |    17 |     4 ||    24
 Stab: Sleeping          |     3 |       |     5 |     5 ||    13
  Eat: Chunk             |     2 |     8 |     5 |    12 ||    27
       Ration            |     1 |     2 |     6 |     3 ||    12
Armor: Animal skin       |    23 |     4 |       |       ||    27
       Plate armour      |       |    97 |       |       ||    97
       Scale mail        |       |    21 |   226 |   216 ||   463
Dodge: Dodged            |    70 |    36 |   173 |   232 ||   511
Block: Shield            |    20 |   101 |   303 |   342 ||   766
       Rpst.: Falchion   |    17 |    12 |    56 |       ||    85
       Long sword        |       |       |     6 |    68 ||    74
